 Dungeon Crawl Stone Soup version 0.16.1-17-g773cdaf (webtiles) character file.

863 lorenzova the Chiller (level 8, -10/52 HPs)
             Began as a Merfolk Ice Elementalist on Apr 23, 2015.
             Killed by nerve-wracking pain
             ... invoked by Grinder
              (12 damage)
             ... on level 5 of the Dungeon.
             The game lasted 00:15:24 (5832 turns).

lorenzova the Chiller (Merfolk Ice Elementalist)    Turns: 5832, Time: 00:15:24

Health: -10/52     AC: 14    Str:  8    XL:     8   Next: 3%
Magic:  15/18      EV:  8    Int: 21    God:
Gold:   204        SH:  0    Dex: 15    Spells: 2 memorised, 12 levels left

rFire  + . .     SeeInvis .     o - +0 spear
rCold  + . .     Clarity  .     x - +3 scale mail {rC+}
rNeg   . . .     SustAb   .     (no shield)
rPois  .         Gourm    .     d - +0 helmet
rElec  .         Spirit   .     k - +0 cloak
rCorr  .         Warding  .     B - +2 pair of gloves {archery}
rMut   .         Stasis   .     (no boots)
MR     .....                    (no amulet)
Stlth  ++........               s - ring of stealth
                                e - ring of protection from fire (curse)

@: brilliant, very slightly contaminated, hasted, invisible, very quick, not
resistant to hostile enchantments, unstealthy
A: change form in water, swift swim
a: no special abilities


You were on level 5 of the Dungeon.
You were near starving.

You visited 1 branch of the dungeon, and saw 5 of its levels.

You collected 204 gold pieces.

Inventory:

Hand weapons
 o - a +0 spear (weapon)
Armour
 d - a +0 helmet (worn)
 k - a +0 cloak (worn)
 r - a +2 robe of magic resistance
 x - a +3 scale mail of cold resistance (worn)
 B - a +2 pair of gloves of archery (worn)
Jewellery
 e - a cursed ring of protection from fire (left hand)
 s - a ring of stealth (right hand)
Scrolls
 g - 2 scrolls of random uselessness {unknown}
 i - 6 scrolls of identify {unknown}
 l - 2 scrolls of magic mapping {unknown}
 m - a scroll of blinking {unknown}
 n - 5 scrolls of amnesia {unknown}
 t - 3 scrolls of remove curse {unknown}
 u - a scroll of recharging {unknown}
 v - a scroll of fog {unknown}
 y - a scroll of noise {unknown}
 z - a scroll of teleportation {unknown}
Potions
 f - 2 potions of brilliance
 w - a potion of lignification {unknown}
Books
 b - a book of Frost

   Spells                             Type                      Level
   a - Freeze                         Ice                          1
   b - Throw Frost                    Conjuration/Ice              2
   c - Ozocubu's Armour               Charms/Ice                   3
   d - Throw Icicle                   Conjuration/Ice              4
   e - Summon Ice Beast               Ice/Summoning                4
   f - Condensation Shield            Ice                          4
Comestibles
 c - 2 bread rations
 q - a meat ration


   Skills:
 + Level 4.4 Polearms
 - Level 2.6 Dodging
 - Level 2.1 Stealth
 - Level 4.3 Spellcasting
 * Level 3.0 Conjurations
 * Level 7.1 Ice Magic


You had 12 spell levels left.
You knew the following spells:

 Your Spells              Type           Power        Failure   Level  Hunger
a - Freeze                Ice            ####         1%          1    None
b - Throw Frost           Conj/Ice       #####.       3%          2    #......


Dungeon Overview and Level Annotations

Branches:
Dungeon (5/15)
 Temple: D:4-7

Altars:
Cheibriados
Makhleb
Okawaru
Zin

Annotations:
D:5 Grinder


Message History

Grinder hits you but does no damage.
You miss Grinder.
Grinder is almost dead.
You barely miss Grinder.
Grinder is almost dead.
You are near starving!
Grinder gestures at you.
You suddenly lose the ability to move!
Grinder gestures at you. You resist with some effort.
Grinder says, "At least Makhleb appreciates what I'm doing."
Grinder gestures at you. Pain shoots through your body!
* * * LOW HITPOINT WARNING * * *
Grinder gestures.
Grinder blinks!
You can move again.
Grinder gestures at you. Pain shoots through your body!
You die...

############ #..........#
#..5.......#
#..........######
###......#.....#..
###......#.#####.#.###.##
#..........>...#.#......#
#..........###.#...######.
#..........#.@.........(..
#.......)..#.##5....####..
#............##.....#
#..........####.....#
#..............#.#....
#..........###.#.######
#..............#.#
#......#.####.....
#..........# ....


You could see Grinder.

Vanquished Creatures
  A centaur (D:5)
  2 ogres
  A phantom (D:4)
  A scorpion (D:5)
  A crimson imp (D:5)
  A goliath beetle (D:5)
  An orc priest (D:3)
  2 hounds
  An iguana (D:4)
  2 orc wizards
  2 worker ants
  Ijyb (D:4)
  A hound skeleton (D:4)
  A worker ant zombie (D:4)
  3 adders
  3 gnolls (D:3)
  3 giant mites
  2 giant geckos
  2 oozes
  13 orcs
  2 ball pythons
  3 giant cockroaches
  13 goblins
  8 hobgoblins
  11 bats
  4 giant newts
  2 jackals (D:2)
  A jackal zombie (D:5)
  5 kobolds
  6 rats
99 creatures vanquished.

Vanquished Creatures (others)
  4 toadstools (D:1)
4 creatures vanquished.

Grand Total: 103 creatures vanquished

Notes
Turn   | Place    | Note
--------------------------------------------------------------
     0 | D:1      | lorenzova, the Merfolk Ice Elementalist, began the quest for the Orb.
     0 | D:1      | Reached XP level 1. HP: 13/13 MP: 3/3
   266 | D:1      | Reached XP level 2. HP: 19/19 MP: 4/4
   278 | D:1      | Learned a level 2 spell: Throw Frost
   578 | D:1      | Reached XP level 3. HP: 21/24 MP: 0/6
   907 | D:2      | Reached skill level 4 in Ice Magic
  1158 | D:2      | Found an iron altar of Okawaru.
  1405 | D:2      | Found a burning altar of Makhleb.
  1726 | D:2      | Found a snail-covered altar of Cheibriados.
  1732 | D:2      | Reached XP level 4. HP: 30/30 MP: 0/9
  2416 | D:3      | Reached XP level 5. HP: 25/35 MP: 0/12
  2629 | D:3      | Reached skill level 1 in Polearms
  2629 | D:3      | Reached skill level 5 in Ice Magic
  3039 | D:4      | Noticed a phantom
  3405 | D:4      | Noticed an ogre
  3432 | D:4      | Killed an ogre
  3432 | D:4      | Reached XP level 6. HP: 41/41 MP: 4/15
  3769 | D:4      | Killed a phantom
  3769 | D:4      | Reached skill level 1 in Conjurations
  4054 | D:4      | Noticed Ijyb
  4083 | D:4      | Killed Ijyb
  4083 | D:4      | Reached skill level 6 in Ice Magic
  4208 | D:4      | Reached XP level 7. HP: 46/46 MP: 17/17
  4447 | D:4      | Found a glowing silver altar of Zin.
  4560 | D:5      | Entered Level 5 of the Dungeon
  5423 | D:5      | Found an iron altar of Okawaru.
  5472 | D:5      | Reached skill level 7 in Ice Magic
  5554 | D:5      | Reached XP level 8. HP: 30/52 MP: 11/18
  5729 | D:5      | Noticed Grinder
  5742 | D:5      | Paralysed by Grinder for 6 turns
  5763 | D:5      | Paralysed by Grinder for 3 turns
  5827 | D:5      | Paralysed by Grinder for 4 turns
  5829 | D:5      | HP: 1/52 [Grinder/nerve-wracking pain (4)]
  5832 | D:5      | Killed from afar by Grinder

Action                   |  1- 3 |  4- 6 |  7- 9 || total
-------------------------+-------+-------+-------++-------
Melee: Unarmed           |     7 |       |       ||     7
       Dagger            |     2 |       |       ||     2
       Short sword       |    29 |       |       ||    29
       Spear             |    29 |   222 |   178 ||   429
 Cast: Freeze            |    19 |    19 |    34 ||    72
       Throw Frost       |     7 |    38 |     2 ||    47
  Use: Potion            |       |       |     3 ||     3
 Stab: Sleeping          |     3 |     3 |     1 ||     7
       Distracted        |       |     1 |       ||     1
  Eat: Bread ration      |     1 |       |       ||     1
       Chunk             |       |     7 |     6 ||    13
